 Dungeon Crawl Stone Soup version 0.25-a0-591-g2ad0d86 (webtiles) character file.

Game seed: 11374812579124397057, levelgen mode: deterministic

27951 MrTaco21 the Peltast (level 13, -9/78 HPs)
             Began as a Gargoyle Fighter on Mar 13, 2020.
             Was an Initiate of Gozag.
             Killed by divine providence
             ... invoked by a meliai
              (10 damage)
             ... on level 13 of the Dungeon.
             The game lasted 00:38:04 (16387 turns).

MrTaco21 the Peltast (Gargoyle Fighter)            Turns: 16387, Time: 00:38:05

Health: -9/78      AC: 30    Str: 24    XL:     13   Next: 35%
Magic:  0/22       EV:  7    Int: 10    God:    Gozag
Gold:   3232       SH: 14    Dex:  9    Spells: 12/12 levels left

rFire    . . .     SeeInvis .   z - +0 whip (elec)
rCold    . . .     Gourm    .   P - +0 kite shield
rNeg     + . .     Faith    .   L - +0 plate armour
rPois    ∞         Spirit   +   B - +2 helmet
rElec    +         Reflect  .   T - scarf {Spirit}
rCorr    +         Harm     .   I - +0 pair of gloves
MR       .....                  (no boots)
Stlth    ..........             c - amulet of regeneration
HPRegen  0.63/turn              H - ring of resist corrosion
MPRegen  0.18/turn              b - ring of magical power

@: gold aura
A: negative energy resistance 1, electricity resistance, unbreathing,
petrification resistance, rot immunity, AC +9
a: Potion Petition, Call Merchant, Bribe Branch, Renounce Religion


You were on level 13 of the Dungeon.
You worshipped Gozag.
Gozag was most pleased with you.
You were not hungry.

You visited 2 branches of the dungeon, and saw 14 of its levels.
You also visited: Ice Cave.

You collected 3705 gold pieces.
You spent 390 gold pieces at shops.
You paid 83 gold pieces to Gozag.

Inventory:

Hand Weapons
 z - a +0 whip of electrocution (weapon)
   (You took it off Pikel on level 4 of the Dungeon)
Armour
 B - a +2 helmet (worn)
   (You took it off Robin on level 4 of the Dungeon)
 I - a +0 pair of gloves (worn)
   (You found it on level 3 of the Dungeon)
 L - a +0 plate armour (worn)
   (You took it off an orc warrior on level 8 of the Dungeon)
 P - a +0 kite shield (worn)
   (You found it on level 10 of the Dungeon)
 T - a scarf of spirit shield (worn)
   (You found it on level 11 of the Dungeon)
Jewellery
 b - a ring of magical power (right hand)
   (You found it on level 9 of the Dungeon)
 c - an amulet of regeneration (around neck)
   (You bought it in a shop on level 12 of the Dungeon)
 H - a ring of resist corrosion (left hand)
   (You found it on level 7 of the Dungeon)
 J - a +3 amulet of reflection
   (You found it on level 8 of the Dungeon)
Wands
 d - a wand of iceblast (14)
   (You found it on level 3 of the Dungeon)
 t - a wand of flame (51)
   (You took it off Natasha on level 3 of the Dungeon)
 u - a wand of paralysis (21)
   (You found it on level 8 of the Dungeon)
 x - a wand of acid (41)
   (You found it on level 8 of the Dungeon)
Scrolls
 a - 3 scrolls of fear {unknown}
 g - a scroll of brand weapon {unknown}
 m - 2 scrolls of noise {!r}
 o - 6 scrolls of remove curse {@r2}
 r - 2 scrolls of magic mapping {unknown}
 s - a scroll of teleportation {unknown}
 v - 2 scrolls of amnesia
 y - 2 scrolls of fog {unknown}
 A - 3 scrolls of enchant armour {unknown}
 E - a scroll of acquirement {unknown}
 F - 2 scrolls of immolation {!r}
 M - a scroll of random uselessness {unknown}
 N - a scroll of identify {@r1}
 Q - a scroll of summoning {unknown}
Potions
 f - 3 potions of haste {@q3}
 h - 2 potions of invisibility {unknown}
 i - 2 potions of resistance {unknown}
 j - 2 potions of cancellation {unknown}
 k - a potion of stabbing {unknown}
 l - a potion of mutation {unknown}
 n - 6 potions of brilliance
 p - 3 potions of curing {@q1}
 q - 4 potions of degeneration {!q}
 w - 10 potions of might
 C - 3 potions of flight {unknown}
 D - a potion of magic {unknown}
 G - a potion of lignification {unknown}
 K - a potion of berserk rage {unknown}
Miscellaneous
 O - a sack of spiders
Comestibles
 e - 14 rations {!d}


   Skills:
 + Level 8.1 Fighting
 - Level 12.0 Maces & Flails
 + Level 12.1 Armour
 - Level 15.0 Shields


You had 12 spell levels left.
You didn't know any spells.
Your spell library contained the following spells:

 Spells                   Type           Power        Failure   Level  Hunger
 Beastly Appendage        Tmut           #.....       98%         1    ##.....
 Corona                   Hex            #......      98%         1    ##.....
 Magic Dart               Conj           #...         98%         1    ##.....
 Sandblast                Erth           #.....       98%         1    ##.....
 Blink                    Tloc           N/A          99%         2    ###....
 Call Imp                 Summ           #.......     99%         2    ###....
 Passwall                 Tmut/Erth      #.......     99%         2    ###....
 Slow                     Hex            #.......     99%         2    ###....
 Sticks to Snakes         Tmut           #.......     99%         2    ###....
 Conjure Flame            Conj/Fire      #.......     100%        3    ####...
 Inner Flame              Hex/Fire       #.......     100%        3    ####...
 Mephitic Cloud           Conj/Pois/Air  #.......     100%        3    ####...
 Portal Projectile        Hex/Tloc       #.....       100%        3    ####...
 Spider Form              Tmut/Pois      #.........   100%        3    ####...
 Stone Arrow              Conj/Erth      #.....       100%        3    ####...
 Cause Fear               Hex            #.........   100%        4    #####..
 Ice Form                 Ice/Tmut       #.......     100%        4    #####..
 Leda's Liquefaction      Hex/Erth       #.........   100%        4    #####..
 Petrify                  Tmut/Erth      #.......     100%        4    #####..
 Blade Hands              Tmut           #.........   100%        5    ######.
 Lee's Rapid Deconstruct  Erth           #.........   100%        5    ######.
 Chain Lightning          Conj/Air       #.........   100%        8    #######
 Lehudib's Crystal Spear  Conj/Erth      #.........   100%        8    #######
 Fire Storm               Conj/Fire      #.........   100%        9    #######
 Glaciate                 Conj/Ice       #.........   100%        9    #######


Dungeon Overview and Level Annotations

Branches:
Dungeon (13/15)            Temple (1/1) D:5            Lair (0/6) D:11
    Orc (0/2) D:9           IceCv (visited)
 Vaults: D:13-14

Altars:
Ashenzari
Cheibriados
Dithmenos
Elyvilon
Fedhas
Gozag
Hepliaklqana
Kikubaaqudgha
Makhleb
Nemelex Xobeh
Okawaru
Qazlal
Ru
Sif Muna
Trog
Uskayaw
Vehumet
Wu Jian
Xom
Yredelemnul
Zin
The Shining One
Beogh

Shops:
D:6 %   D:10 (   D:12 =

Portals:
Trove: D:11 (give +2 gold dragon scales)


Innate Abilities, Weirdness & Mutations

You are resistant to torment.
Your stone body is resilient. (AC +9)
You are immune to poison.
You resist negative energy. (rN+)
You are resistant to electric shocks. (rElec)
You can survive without breathing.
You are immune to petrification.
You are immune to rotting.


Message History

The meliai closely misses you.
Unknown command.
You hit the meliai but do no damage. The meliai hits you but does no damage.
You block the meliai's attack.
The meliai calls down the wrath of its god upon you.
Something smites you!
* * * LOW HITPOINT WARNING * * *
You hit the meliai. Lightning courses through the meliai!!
You kill the meliai!
The meliai is no longer distracted by gold.
The meliai calls down the wrath of its god upon you.
Something smites you!
* * * LOW HITPOINT WARNING * * *
The meliai mumbles some strange prayers to its god against you.
Something smites you!
* * * LOW HITPOINT WARNING * * *
You block the meliai's attack. x2; The meliai completely misses you.
The meliai barely misses you. You block the meliai's attack.
The meliai stings you but does no damage.
Things that are here:
5 gold pieces; a +0 hand axe; a +0 robe The meliai barely misses you.
The meliai stings you but does no damage.
The meliai hits you but does no damage. You block the meliai's attack.
The meliai hits you but does no damage.
The meliai stings you but does no damage.
The meliai hits you with a cursed -3 hand axe.
* * * LOW HITPOINT WARNING * * *
The meliai stings you but does no damage.
You block the meliai's attack. The meliai barely misses you.
The meliai hits you but does no damage.
The meliai stings you but does no damage.
The meliai hits you but does no damage. You block the meliai's attack.
The meliai becomes distracted by the nearby gold, dreaming of imaginary riches.
You block the meliai's attack. x2
You block the meliai's attack.
The meliai stings you but does no damage.
The meliai hits you but does no damage.
The meliai stings you but does no damage.
The meliai mumbles some strange prayers to its god against you.
Something smites you!
* * * LOW HITPOINT WARNING * * *
You block the meliai's attack. x2
The meliai invokes the aid of its god against you.
Something smites you!
* * * LOW HITPOINT WARNING * * *
The meliai mumbles some strange prayers to its god against you.
Something smites you!
You die...
Your body crumbles into a pile of gold.

##.....###.#
######..#.y....#
...........###.# ####
#####..#### ...# #..#
...# #..######.# ##.#
#.y.......# #.#
##.########
#.######## #@#
#..##....### #.#
#.....#....####.#####
#.###.#..#..........#
#.# #.#..#####...##.#
#.# #.#..# #.....#
..# #....# ##...##
..# ###.## ##.## #..
#.# #.#


You could see a meliai.

Vanquished Creatures
  Gastronok (D:10)
  A frost giant (IceCv)
  A two-headed ogre (D:10)
  Sonja (D:12)
  An unseen horror (D:11)
  Pikel (D:4)
  2 ugly things (D:13)
  The ghost of ilyvion the Ducker, a novice GnWn of Cheibriados (D:5)
  A deep elf mage (D:11)
  A manticore (D:5)
  2 cyclopes (D:11)
  A centaur zombie (D:12)
  An ice statue (IceCv)
  3 komodo dragons
  2 ice devils (D:11)
  A meliai (D:13)
  13 polar bears (IceCv)
  2 guardian mummies (D:11)
  Grinder (D:3)
  2 hornets
  Prince Ribbit (D:8)
  A troll (D:11)
  3 hippogriffs
  A wraith (D:11)
  4 wyverns
  A shadow (D:8)
  A human (shapeshifter) (D:12)
  19 yaks
  The ghost of Faels the Slasher, an amateur DsFi (D:4)
  4 hungry ghosts
  Edmund (D:6)
  A water moccasin (D:12)
  13 orc warriors
  5 ice beasts
  2 black bears
  7 sky beasts
  8 ogres
  5 phantoms
  10 wolves (IceCv)
  6 centaurs
  2 big kobolds
  5 bullfrogs
  A gnoll sergeant (D:9)
  5 scorpions
  4 troll zombies (D:9)
  12 killer bees
  7 wights
  3 howler monkeys
  3 bullfrog zombies
  7 crimson imps
  A quasit (D:7)
  5 hounds
  6 jellies
  16 orc priests
  2 bullfrog skeletons
  2 centaur skeletons
  Terence (D:3)
  6 iguanas
  Natasha (thrice) (D:3)
  8 orc wizards
  8 worker ants
  4 ogre zombies (D:9)
  A worker ant zombie (D:11)
  Robin (D:4)
  10 gnolls
  16 adders
  2 shadow imps (D:7)
  9 oozes
  An adder zombie (D:9)
  3 worms (D:3)
  A dart slug (D:2)
  2 leopard geckos
  44 orcs
  3 giant cockroaches
  14 goblins
  7 hobgoblins
  18 jackals
  5 quokkas
  2 ball pythons
  3 bats
  3 frilled lizards
  3 goblin skeletons (D:9)
  2 hobgoblin zombies (D:9)
  A jackal skeleton (D:4)
  A jackal zombie (D:5)
  13 kobolds
  A leopard gecko skeleton (D:7)
  4 orc skeletons (D:9)
  16 orc zombies (D:9)
  A quokka skeleton (D:2)
  7 rats
438 creatures vanquished.

Vanquished Creatures (others)
  19 plants (D:11)
19 creatures vanquished.

Grand Total: 457 creatures vanquished

Notes
Turn   | Place    | Note
-------+----------+-------------------------------------------
     0 | D:1      | MrTaco21 the Gargoyle Fighter began the quest for the Orb.
     0 | D:1      | Reached XP level 1. HP: 14/14 MP: 1/1
   431 | D:1      | Reached XP level 2. HP: 18/19 MP: 2/2
  1227 | D:2      | Reached XP level 3. HP: 23/23 MP: 3/3
  1807 | D:3      | Reached XP level 4. HP: 24/28 MP: 4/4
  1862 | D:3      | Noticed Natasha
  1867 | D:3      | Killed Natasha
  1888 | D:3      | Noticed Grinder
  1888 | D:3      | Noticed an ogre
  1979 | D:3      | Reached skill level 5 in Maces & Flails
  1979 | D:3      | Reached XP level 5. HP: 29/32 MP: 5/5
  2015 | D:3      | Killed an ogre
  2203 | D:3      | Noticed Terence
  2224 | D:3      | Killed Terence
  2224 | D:3      | Reached XP level 6. HP: 25/37 MP: 6/6
  2548 | D:3      | Found a faded altar of an unknown god.
  2579 | D:3      | Paralysed by Grinder for 3 turns
  2592 | D:3      | Paralysed by Grinder for 4 turns
  2622 | D:3      | Killed Grinder
  2622 | D:3      | Reached XP level 7. HP: 15/41 MP: 7/7
  2668 | D:3      | Noticed Natasha
  2836 | D:3      | Killed Natasha
  3089 | D:3      | Noticed Natasha
  3101 | D:3      | Killed Natasha
  3702 | D:4      | Reached XP level 8. HP: 15/46 MP: 8/8
  3808 | D:4      | Noticed Pikel
  3981 | D:4      | Killed Pikel
  3981 | D:4      | Reached skill level 10 in Maces & Flails
  4114 | D:4      | Found a runed translucent gate.
  4115 | D:4      | Found a runed translucent gate.
  4115 | D:4      | Noticed Faels's ghost (amateur DsFi)
  4116 | D:4      | Found a runed translucent gate.
  4173 | D:4      | Noticed Robin
  4252 | D:4      | Killed Robin
  4406 | D:4      | Found a sacrificial altar of Ru.
  4488 | D:4      | Killed Faels's ghost
  4608 | D:5      | Entered Level 5 of the Dungeon
  4663 | D:5      | Reached XP level 9. HP: 49/51 MP: 9/9
  4880 | D:5      | Found a sparkling altar of Nemelex Xobeh.
  4910 | D:5      | Found a staircase to the Ecumenical Temple.
  5196 | D:5      | Got an ancient hat
  5214 | D:5      | Identified the +2 hat of the Good {rC+ rN+ MR+ Stlth+} (You
                  | found it on level 5 of the Dungeon)
  5455 | D:5      | Found a runed translucent door.
  5455 | D:5      | Noticed ilyvion's ghost (novice GnWn)
  5455 | D:5      | Noticed a manticore
  5854 | Temple   | Entered the Ecumenical Temple
  5927 | Temple   | Became a worshipper of Gozag Ym Sagoz the Greedy
  6130 | D:6      | Noticed Edmund
  6145 | D:6      | Killed Edmund
  6145 | D:6      | Reached skill level 4 in Shields
  6399 | D:6      | Found Optapsoy's Food Boutique.
  6772 | D:7      | Reached skill level 5 in Armour
  6772 | D:7      | Reached skill level 5 in Shields
  7222 | D:7      | Reached skill level 6 in Shields
  7258 | D:7      | Reached XP level 10. HP: 51/56 MP: 10/10
  7576 | D:8      | Noticed Prince Ribbit
  7603 | D:8      | Killed Prince Ribbit
  7656 | D:8      | Reached skill level 7 in Shields
  7998 | D:8      | Reached skill level 8 in Shields
  8084 | D:8      | Found an iron altar of Okawaru.
  9236 | D:9      | Reached skill level 9 in Shields
  9244 | D:9      | Found a staircase to the Orcish Mines.
  9358 | D:9      | Reached XP level 11. HP: 55/60 MP: 11/11
 10003 | D:10     | Entered Level 10 of the Dungeon
 10017 | D:10     | Noticed a two-headed ogre
 10025 | D:10     | Killed a two-headed ogre
 10046 | D:10     | Reached skill level 10 in Armour
 10050 | D:10     | Reached skill level 10 in Shields
 10480 | D:10     | Reached skill level 11 in Shields
 10649 | D:10     | Found Divett's Weapon Boutique.
 10710 | D:10     | Noticed Gastronok
 10742 | D:10     | Killed Gastronok
 10742 | D:10     | Reached skill level 12 in Shields
 11124 | D:5      | Killed ilyvion's ghost
 11129 | D:5      | Killed a manticore
 11348 | D:11     | Noticed a cyclops
 11373 | D:11     | Killed a cyclops
 11413 | D:11     | Reached skill level 13 in Shields
 11491 | D:11     | Reached XP level 12. HP: 64/64 MP: 10/12
 11584 | D:11     | Found a shimmering blue altar of Sif Muna.
 11637 | D:11     | Found a frozen archway.
 11885 | IceCv    | Entered an ice cave
 11990 | IceCv    | Reached skill level 14 in Shields
 13794 | IceCv    | Noticed a frost giant
 13818 | IceCv    | Reached skill level 15 in Shields
 13865 | IceCv    | Killed a frost giant
 14108 | IceCv    | Got a twisted halberd
 14337 | D:11     | Reached skill level 5 in Fighting
 14497 | D:11     | Found a portal to a secret trove of treasure.
 14536 | D:11     | Found a staircase to the Lair.
 15061 | D:12     | Reached XP level 13. HP: 71/74 MP: 13/13
 15094 | D:12     | Found a roughly hewn altar of Beogh.
 15359 | D:12     | Noticed Sonja
 15388 | D:12     | Killed Sonja
 15739 | D:12     | Found Olaqif's Jewellery Shop.
 15771 | D:12     | Bought an uncursed amulet of regeneration for 390 gold
                  | pieces
 16387 | D:13     | HP: 1/78 [meliai/divine providence (11)]
 16387 | D:13     | Killed from afar by a meliai

Levels and vault maps discovered:
D:1:      dpeg_arrival_round_b, layout_basic
D:2:      layout_basic, minivault_25, st_stairs_14
D:3:      layout_rooms, first_ration, chequers_ecumenical_altar_simple,
          uniq_natasha, uniq_grinder, uniq_terence
D:4:      layout_cave_pools, gammafunk_ghost_split,
          nicolae_ru_the_path_less_chosen, uniq_pikel, uniq_robin
D:5:      layout_basic, minmay_temple_entry_proselytizer,
          ebering_ghost_inner_flame, basic_altar, hangedman_decor_diamond_cutter
D:6:      layout_loops_ring, serial_shops, kennysheep_little_box,
          serial_bayou_pond_b, uniq_edmund
D:7:      layout_loops_cross
D:8:      layout_basic, kennysheep_mini_moat, hangedman_little_slice_of_home,
          uniq_prince_ribbit1
D:9:      layout_loops_ring, zombieorc2_lemuel
D:10:     layout_loops_ring, serial_shops, shop, uniq_gastronok
D:11:     layout_loops_cross, david_lair_shrubbed,
          nicolae_trove_entry_path_of_doom, portal_ice_cave_demonic_guard,
          basic_altar
D:12:     layout_roguey [special_room_orc], serial_shops, nicolae_shop_stone,
          uniq_sonja
D:13:     minmay_distorted_concentric_squares, layout_loops_corners,
          serial_shops, shop, serial_bayou_pond_e, david_defended_altar_orc,
          uniq_azrael
Temple:   grunt_wide_crystal_templ

Skill      XL: |  1  2  3  4  5  6  7  8  9 10 11 12 13 |
---------------+----------------------------------------+-----
Maces & Flails | 3 4 5 6 7 9 11 12 | 12.0
Armour         | 6 9 10 11 12 | 12.1
Shields        | 6 9 13 15 | 15.0
Fighting       | 6 8 |  8.1

Action                   |  1- 3 |  4- 6 |  7- 9 | 10-12 | 13-15 || total
-------------------------+-------+-------+-------+-------+-------++-------
Melee: Flail             |   104 |   119 |   172 |       |       ||   395
       Whip              |       |       |   419 |  1533 |   371 ||  2323
  Use: Scroll            |     1 |       |     1 |     9 |       ||    11
       Potion            |       |       |       |     3 |       ||     3
 Stab: Distracted        |       |       |     1 |     2 |     2 ||     5
  Eat: Chunk             |    15 |     1 |    12 |       |       ||    28
       Ration            |       |       |       |     9 |     2 ||    11
Armor: Scale mail        |    54 |    62 |   228 |    73 |       ||   417
       Plate armour      |       |       |       |   407 |   119 ||   526
Dodge: Dodged            |    39 |    34 |   116 |   216 |    50 ||   455
Block: Kite shield       |    49 |    53 |   198 |   769 |   154 ||  1223
       Reflection        |       |       |       |     9 |     9 ||    18

Table legend:
 A = Non-vault XP
 B = Vault XP
 C = Vault XP percentage of total XP
 D = Non-vault monster count
 E = Vault monster count
 F = Vault count percentage of total count
                 A         B        C        D         E       F
            +---------+---------+-------+---------+---------+-------
      Total |   20973 |   18958 |  47.5 |     301 |     137 |  31.3
            +---------+---------+-------+---------+---------+-------
        D:1 |      17 |       0 |   0.0 |      11 |       0 |   0.0
        D:2 |      61 |       1 |   1.6 |      16 |       1 |   5.9
        D:3 |     367 |     379 |  50.8 |      28 |      14 |  33.3
        D:4 |     536 |     897 |  62.6 |      16 |       5 |  23.8
        D:5 |     846 |    1138 |  57.4 |      25 |       3 |  10.7
        D:6 |     227 |     171 |  43.0 |       7 |       1 |  12.5
        D:7 |    1277 |       0 |   0.0 |      37 |       0 |   0.0
        D:8 |    2453 |     436 |  15.1 |      34 |       9 |  20.9
        D:9 |    1561 |     843 |  35.1 |      31 |      36 |  53.7
       D:10 |    3582 |    2224 |  38.3 |      36 |       1 |   2.7
       D:11 |    4584 |    1649 |  26.5 |      32 |       5 |  13.5
       D:12 |    3709 |    1801 |  32.7 |      23 |      26 |  53.1
       D:13 |    1753 |       0 |   0.0 |       5 |       0 |   0.0
      IceCv |       0 |    9419 | 100.0 |       0 |      36 | 100.0
            +---------+---------+-------+---------+---------+-------
